 Dungeon Crawl Stone Soup version 0.29-a0-555-g3b24f45cc1 (webtiles) character file.

Game seed: 1548581769162579065

14877 ptdevnull the Merchant of Misery (level 11, -11/61 HPs)
             Began as a Deep Elf Necromancer on June 7, 2022.
             Was a Believer of Kikubaaqudgha.
             Mangled by a death yak (25 damage)
             ... on level 1 of the Lair of Beasts.
             The game lasted 00:53:38 (14765 turns).

ptdevnull the Merchant of Misery (DENe)            Turns: 14765, Time: 00:53:39

Health: -11/61     AC: 10    Str:  7    XL:     11   Next: 94%
Magic:  28/36      EV: 17    Int: 25    God:    Kikubaaqudgha [**....]
Gold:   647        SH:  0    Dex: 19    Spells: 5/30 levels left

rFire   . . .      SeeInvis .   a - +7 quick blade
rCold   . . .      Faith    .   (no shield)
rNeg    . . .      Spirit   .   H - +3 ring mail {rPois}
rPois   +          Reflect  .   (no helmet)
rElec   +          Harm     .   y - scarf {repulsion}
rCorr   .          Rampage  .   U - +0 pair of gloves
Will    +....                   h - +0 pair of boots
Stlth   +++.......              w - amulet of Ryesof {Acrobat +Inv rElec Str+2 Dex+4}
HPRegen 0.20/turn               g - ring of magical power
MPRegen 0.25/turn               u - +4 ring of evasion

@: about to teleport, repel missiles
A: no striking features
a: Renounce Religion, Evoke Invisibility, Unearth Wretches


You were on level 1 of the Lair of Beasts.
You worshipped Kikubaaqudgha.
Kikubaaqudgha was pleased with you.
You visited 3 branches of the dungeon, and saw 12 of its levels.

You collected 647 gold pieces.

Inventory:

Hand Weapons
 a - a +7 quick blade (weapon)
 m - a +0 vampiric great sword
 I - a +5 short sword
 R - a +0 rapier
Missiles
 C - a throwing net
Armour
 h - a +0 pair of boots (worn)
 y - a scarf of repulsion (worn)
 H - a +3 ring mail of poison resistance (worn)
 U - a +0 pair of gloves (worn)
Jewellery
 g - a ring of magical power (left hand)
 j - a ring of wizardry
 n - a +6 ring of strength
 r - a +6 ring of strength
 u - a +4 ring of evasion (right hand)
 w - the amulet of Ryesof (around neck) {Acrobat +Inv rElec Str+2 Dex+4}
   (You acquired it on level 1 of the Lair of Beasts)

   [amulet of the acrobat]

   It increases your evasion while moving and waiting.
   Str:       It affects your strength (+2).
   Dex:       It affects your dexterity (+4).
   rElec:     It insulates you from electricity.
   +Inv:      It lets you turn invisible.
 z - the amulet of the Four Winds {rN+ Will+++ Clar}
   (You found it on level 2 of the Lair of Beasts)

   [amulet of nothing]

   rN:        It protects you from negative energy.
   Clar:      It protects you against confusion.
   Will:      It greatly increases your willpower.
 G - a ring of see invisible
 L - a ring of positive energy
Wands
 o - a wand of mindburst (12)
 F - a wand of iceblast (5)
 P - a wand of acid (10)
 Y - a wand of polymorph (5)
 Z - a wand of charming (4)
Scrolls
 f - a scroll of fog
 p - 2 scrolls of summoning
 q - 3 scrolls of fear
 t - 3 scrolls of enchant armour
 v - 3 scrolls of amnesia
 D - a scroll of identify
 X - a scroll of teleportation
Potions
 b - a potion of flight {unknown}
 c - 2 potions of heal wounds
 e - 4 potions of curing
 i - a potion of magic
 k - 5 potions of lignification
 l - 2 potions of brilliance
 s - a potion of berserk rage {unknown}
 x - a potion of invisibility {unknown}
 A - 2 potions of cancellation
 B - a potion of ambrosia {unknown}
 M - 2 potions of degeneration
 N - a potion of resistance {unknown}
 Q - a potion of mutation {unknown}
 S - 2 potions of haste
 V - a potion of attraction {unknown}


   Skills:
 - Level 4.0 Fighting
 + Level 5.6 Short Blades
 - Level 8.0 Dodging
 - Level 7.0 Stealth
 - Level 10.0 Spellcasting
 - Level 6.0 Hexes
 - Level 13.9 Necromancy
 - Level 5.0 Ice Magic
 - Level 7.0 Evocations


You had 5 spell levels left.
You knew the following spells:

 Your Spells              Type           Power      Damage    Failure   Level
a - Necrotize             Necr           100%       1d9       1%          1
b - Vampiric Draining     Necr           70%        2d11      1%          3
c - Sublimation of Blood  Necr           70%        N/A       1%          2
d - Animate Dead          Necr           70%        N/A       1%          4
e - Agony                 Necr           70%        N/A       1%          5
f - Dispel Undead         Necr           70%        3d24      1%          4
g - Anguish               Hex/Necr       29%        N/A       3%          4
h - Ensorcelled Hibernat  Hex/Ice        80%        N/A       2%          2

Your spell library contained the following spells:

 Spells                   Type           Power      Damage    Failure   Level
 Sting                    Tmut/Pois      48%        1d5       17%         1
 Passwall                 Tmut/Erth      10%        N/A       26%         2
 Poisonous Vapours        Pois/Air       24%        N/A       26%         2
 Static Discharge         Conj/Air       12%        N/A       26%         2
 Swiftness                Air            12%        N/A       45%         3
 Olgreb's Toxic Radiance  Pois           12%        N/A       86%         4
 Petrify                  Tmut/Erth      12%        N/A       86%         4
 Sticky Flame             Conj/Fire      12%        2d4       86%         4
 Irradiate                Conj/Tmut      6%         3d15      99%         5


Dungeon Overview and Level Annotations

Branches:
Dungeon (9/15)             Temple (1/1) D:7            Lair (2/6) D:9
  Swamp: Lair:2-4    Shoals: Lair:2-4     Snake: Lair:2-4    Spider: Lair:2-4
    Orc: D:9-12

Altars:
Ashenzari
Cheibriados
Dithmenos
Elyvilon
Fedhas
Gozag
Hepliaklqana
Kikubaaqudgha
Makhleb
Nemelex Xobeh
Okawaru
Qazlal
Ru
Sif Muna
Trog
Uskayaw
Vehumet
Wu Jian
Xom
Yredelemnul
Zin
The Shining One

Shops:
D:3 !


Message History

You barely miss the death yak.
The death yak is lightly wounded.
You barely miss the death yak.
The death yak is lightly wounded.
The death yak completely misses you.
You puncture the death yak!
The death yak is moderately wounded.
You hit the death yak but do no damage.
The death yak is moderately wounded.
You hit the death yak.
The death yak is moderately wounded.
The death yak gores you!!
Casting: Necrotize (safe; 1% risk of failure)
Confirm with . or Enter, or press ? or * to list all spells.
Aiming: Vampiric Draining (safe; 1% risk of failure)
Press: ? - help, Shift-Dir - straight line, f - death yak
Aim: a death yak (moderately wounded)
You draw life force from the death yak!
You feel life coursing into your body.
The death yak gores you but does no damage.
Casting: Vampiric Draining (safe; 1% risk of failure)
Confirm with . or Enter, or press ? or * to list all spells.
Aiming: Vampiric Draining (safe; 1% risk of failure)
Press: ? - help, Shift-Dir - straight line, f/p - death yak
Aim: a death yak (moderately wounded)
You draw life force from the death yak.
You feel life coursing into your body. The death yak gores you.
Unknown command.
Casting: Vampiric Draining (safe; 1% risk of failure)
Confirm with . or Enter, or press ? or * to list all spells.
Aiming: Vampiric Draining (safe; 1% risk of failure)
Press: ? - help, Shift-Dir - straight line, f/p - death yak
Aim: a death yak (heavily wounded)
You draw life force from the death yak!
You feel life coursing into your body. The death yak gores you!!
* * * LOW HITPOINT WARNING * * *
As you read the scroll of teleportation, it crumbles to dust.
You feel strangely unstable. The death yak barely misses you.
The death yak attacks as you move away! The death yak gores you!!
You die...
Kikubaaqudgha rasps: "You have failed me!
Welcome... death!"

........................## ##.*
.........................## #.#*
...................(......## #.#
...............######......###.##
..............## ##..........#
..............# ##.....#.#.###
......##......######....#####.##
......###.....##.#.....## #..#
......###.......@Y....## #..#
.....###..........(..## ####
....##P.............##
....................#####
.....................##.######
.......##....................#
......##.................#####
#....####............##P##
.....##.......#.###..####


You could see a death yak.

Vanquished Creatures
  A two-headed ogre (D:9)
  A black mamba (Lair:1)
  Maurice (D:8)
  Joseph (D:7)
  2 cane toads (Lair:2)
  A komodo dragon (Lair:1)
  A kobold demonologist (D:8)
  A burning bush (Lair:1)
  A polar bear (D:9)
  A hornet (D:8)
  7 blink frogs
  A wyvern (Lair:1)
  A steam dragon (D:8)
  34 yaks
  2 wargs (D:9)
  6 water moccasins
  2 ice beasts
  2 sky beasts
  3 orc warriors
  A black bear (D:7)
  3 wolves
  3 ogres
  A centaur (D:9)
  A kobold brigand (D:8)
  2 necrophages
  7 bullfrogs
  A gnoll sergeant (D:7)
  10 scorpions
  3 wights (D:9)
  6 killer bees
  3 howler monkeys
  5 orc priests
  A gnoll shaman (D:5)
  An iguana (D:7)
  An orc wizard (D:7)
  8 gnolls
  10 adders
  A shadow imp (D:6)
  A white imp (D:6)
  3 ufetubi
  2 worms
  17 orcs
  9 endoplasms
  4 giant cockroaches
  9 goblins
  6 hobgoblins
  4 jackals
  4 quokkas
  7 ball pythons
  5 bats
  2 frilled lizards
  12 kobolds
  9 rats
  A spectral kobold (D:1)
  A bush (Lair:1)
233 creatures vanquished.

Vanquished Creatures (collateral kills)
  2 yaks (D:9)
  A warg (D:9)
  An ice beast (D:8)
  A phantom (D:5)
  A killer bee (D:7)
  3 gnolls
  2 orcs (D:9)
  An endoplasm (D:1)
  A jackal (D:5)
  A quokka (D:2)
14 creatures vanquished.

Vanquished Creatures (others)
  A warg zombie (D:9)
  A yak zombie (D:8)
  An adder zombie (D:5)
  3 gnoll zombies (D:7)
  7 kobold zombies (D:8)
  12 orc zombies
  4 fungi (Lair:2)
  5 plants
34 creatures vanquished.

Grand Total: 281 creatures vanquished

Notes
Turn   | Place    | Note
-------+----------+-------------------------------------------
     0 | D:1      | ptdevnull the Deep Elf Necromancer began the quest for the
                  | Orb.
     0 | D:1      | Reached XP level 1. HP: 10/10 MP: 6/6
    58 | D:1      | Reached skill level 5 in Necromancy
   149 | D:1      | Reached XP level 2. HP: 15/15 MP: 6/8
   456 | D:1      | Found a faded altar of an unknown god.
   487 | D:1      | Reached XP level 3. HP: 19/19 MP: 10/10
  1101 | D:2      | Reached skill level 6 in Necromancy
  1114 | D:2      | Learned a level 3 spell: Vampiric Draining
  1130 | D:2      | Reached XP level 4. HP: 24/24 MP: 12/12
  2103 | D:3      | Learned a level 2 spell: Sublimation of Blood
  2108 | D:3      | Learned a level 4 spell: Animate Dead
  2227 | D:3      | Found Ceont's Distillery.
  2242 | D:3      | Reached XP level 5. HP: 28/28 MP: 14/14
  2244 | D:3      | Reached skill level 7 in Necromancy
  2714 | D:4      | Reached skill level 5 in Spellcasting
  2856 | D:4      | Reached XP level 6. HP: 32/32 MP: 16/16
  2893 | D:4      | Learned a level 5 spell: Agony
  3317 | D:5      | Entered Level 5 of the Dungeon
  3326 | D:5      | Reached skill level 8 in Necromancy
  3510 | D:5      | Noticed an ice beast
  3934 | D:5      | Reached XP level 7. HP: 19/37 MP: 16/18
  4279 | D:5      | Reached skill level 1 in Fighting
  4284 | D:5      | Learned a level 4 spell: Dispel Undead
  4764 | D:6      | Reached skill level 9 in Necromancy
  4971 | D:6      | Reached XP level 8. HP: 38/44 MP: 20/21
  4972 | D:6      | Identified the ring "Hobiuput" {rF++ Will- Str-4 Dex+6
                  | Slay+6}
  6130 | D:6      | Reached skill level 5 in Stealth
  6324 | D:7      | Found a staircase to the Ecumenical Temple.
  6333 | Temple   | Entered the Ecumenical Temple
  6550 | Temple   | Became a worshipper of Kikubaaqudgha
  6783 | D:7      | Noticed Joseph
  6805 | D:7      | Killed Joseph
  6806 | D:7      | Reached skill level 5 in Dodging
  6806 | D:7      | Reached skill level 10 in Necromancy
  6806 | D:7      | Reached XP level 9. HP: 35/49 MP: 15/24
  7223 | D:7      | Noticed a troll
  7711 | D:7      | Reached skill level 11 in Necromancy
  7982 | D:8      | Noticed Maurice
  8624 | D:8      | Reached skill level 1 in Evocations
  8636 | D:8      | Reached skill level 1 in Short Blades
  8808 | D:8      | Found an opulent altar of Gozag.
  8848 | D:8      | Reached * piety under Kikubaaqudgha
  8848 | D:8      | Received a gift from Kikubaaqudgha
  8896 | D:8      | Reached XP level 10. HP: 40/56 MP: 25/25
  9270 | D:8      | Noticed a rust devil
  9316 | D:8      | Killed Maurice
  9368 | D:8      | Noticed a smoke demon
  9852 | D:9      | Learned a level 4 spell: Anguish
  9855 | D:9      | Learned a level 2 spell: Ensorcelled Hibernation
 10098 | D:9      | Reached skill level 5 in Evocations
 10210 | D:9      | Reached skill level 5 in Short Blades
 10428 | D:9      | Reached ** piety under Kikubaaqudgha
 10429 | D:9      | Reached skill level 1 in Hexes
 10602 | D:9      | Noticed a two-headed ogre
 10605 | D:9      | Killed a two-headed ogre
 10606 | D:9      | Reached skill level 1 in Ice Magic
 10675 | D:9      | Found a staircase to the Lair.
 10914 | Lair:1   | Entered Level 1 of the Lair of Beasts
 10946 | Lair:1   | Reached XP level 11. HP: 47/61 MP: 18/26
 11694 | Lair:1   | Reached skill level 12 in Necromancy
 12257 | Lair:1   | Reached skill level 10 in Spellcasting
 12552 | Lair:1   | Reached skill level 5 in Hexes
 12936 | Lair:1   | Reached skill level 13 in Necromancy
 13797 | Lair:2   | Noticed a death yak
 13797 | Lair:2   | Noticed a death yak
 13797 | Lair:2   | Noticed a death yak
 13797 | Lair:2   | Noticed a death yak
 13797 | Lair:2   | Noticed a death yak
 13797 | Lair:2   | Noticed a death yak
 13806 | Lair:1   | HP: 1/61 [wyvern (11)]
 14176 | Lair:1   | Identified a scroll of acquirement
 14177 | Lair:1   | Acquired the amulet of Ryesof {Acrobat +Inv rElec Str+2
                  | Dex+4}
 14309 | Lair:2   | Reached skill level 5 in Ice Magic
 14445 | Lair:2   | Found the amulet of the Four Winds {rN+ Will+++ Clar}
 14532 | Lair:2   | Acquired a +6 quick blade
 14765 | Lair:1   | Mangled by a death yak

Illustrated notes

Levels and vault maps discovered:
D:1:      dpeg_arrival_round_b, layout_rooms,
          dreamdust_ecumenical_altar_drowned_temple
D:2:      layout_loops_cross
D:3:      layout_rooms, serial_shops, shop, kennysheep_pointless_box,
          minivault_4
D:4:      layout_cave_pools
D:5:      layout_basic
D:6:      layout_layer_cave
D:7:      layout_basic, minmay_temple_entry_slanted, minmay_chambers_of_fives,
          uniq_joseph
D:8:      layout_layer_cave, nicolae_gozag_cash_rules_everything_around_me,
          chequers_serial_rivers_micro_a, uniq_maurice
D:9:      layout_rooms, erik_lair_orcish_takeover, minivault_14
Temple:   mainiacjoe_temple_archimedes_tessellation
Lair:1:   layout_layer_cave, evilmike_ambush [evilmike_ambush_outer_basic,
          evilmike_ambush_inner_basic]
Lair:2:   layout_hall_layers, infiniplex_staircase_pool

Skill      XL: |  1  2  3  4  5  6  7  8  9 10 11 |
---------------+----------------------------------+-----
Necromancy     | 5 6 7 8 9 10 11 13 | 13.9
Spellcasting   | 4 5 6 7 9 10 | 10.0
Stealth        | 3 4 5 7 |  7.0
Dodging        | 3 5 7 8 |  8.0
Fighting       | 1 2 4 |  4.0
Evocations     | 3 7 |  7.0
Short Blades   | 2 5 |  5.6
Hexes          | 2 6 |  6.0
Ice Magic      | 1 5 |  5.0

Action                   |  1- 3 |  4- 6 |  7- 9 | 10-12 || total
-------------------------+-------+-------+-------+-------++-------
Melee: Dagger            |     1 |       |       |       ||     1
       Short sword       |       |    19 |    41 |   403 ||   463
       Punch             |       |     1 |     1 |     9 ||    11
       Quick blade       |       |       |       |    38 ||    38
 Cast: Necrotize         |    55 |    82 |   234 |    90 ||   461
       Animate Dead      |       |     3 |     7 |     2 ||    12
       Vampiric Draining |       |     2 |    18 |    97 ||   117
       Dispel Undead     |       |       |     2 |     1 ||     3
       Sublimation of Bl |       |       |       |     5 ||     5
       Ensorcelled Hiber |       |       |       |     3 ||     3
Evoke: Wand              |       |       |    10 |    14 ||    24
  Use: Scroll            |       |     6 |     5 |    15 ||    26
       Potion            |       |     2 |     1 |     4 ||     7
 Stab: Sleeping          |     1 |       |     2 |     3 ||     6
Armor: Robe              |       |    16 |    12 |       ||    28
       Ring mail         |       |       |    17 |   143 ||   160
Dodge: Dodged            |     2 |    81 |   144 |   349 ||   576
       Repelled          |       |       |     1 |     3 ||     4

Table legend: (Time is in decaauts)
 A = Elapsed time spent in this place.
 B = Non-inter-level travel time spent in this place.
 C = Inter-level travel time spent in this place.
 D = Time resting spent in this place.
 E = Time spent auto-exploring this place.
 F = Levels seen in this place.
 G = Mean time per level.
                   A        B        C        D        E       F      G
               +--------+--------+--------+--------+--------+-----+--------+
         Total |  14703 |  14043 |    660 |   3020 |   8558 |  12 | 1225.2 |
       Dungeon |  11047 |  10576 |    471 |   1862 |   7026 |   9 | 1227.4 |
        Temple |    239 |    191 |     48 |      0 |    173 |   1 |  239.0 |
          Lair |   3417 |   3276 |    141 |   1158 |   1359 |   2 | 1708.5 |
               +--------+--------+--------+--------+--------+-----+--------+

Top non-repeatable levels by time:
  Lair:1: 2902 daAuts
     D:6: 1761 daAuts
     D:8: 1680 daAuts
     D:7: 1573 daAuts
     D:9: 1428 daAuts
     D:5: 1246 daAuts
     D:1: 1005 daAuts
     D:2: 883 daAuts
     D:3: 810 daAuts
     D:4: 656 daAuts
  Lair:2: 514 daAuts
  Temple: 239 daAuts
